 Dungeon Crawl Stone Soup version 0.19.3-4-gbf9329e (webtiles) character file.

26413 theAP the Impaler (level 13, -8/172 HPs)
             Began as a Formicid Fighter on Jan 27, 2017.
             Was an Elder of Hepliaklqana.
             Killed by divine providence
             ... invoked by an orc priest
              (16 damage)
             ... on level 13 of the Dungeon.
             The game lasted 00:33:18 (11779 turns).

theAP the Impaler (Formicid Fighter)               Turns: 11779, Time: 00:33:19

Health: -8/172     AC: 26    Str: 28    XL:     13   Next: 57%
Magic:  13/13      EV:  2    Int:  9    God:    Hepliaklqana [****..]
Gold:   626        SH: 11    Dex:  8    Spells: 0 memorised, 12 levels left

rFire  . . .     SeeInvis .     K - +0 trident (venom)
rCold  . . .     Gourm    .     (armour currently unavailable)
rNeg   + + +     Faith    +     c - +1 shield
rPois  +         Spirit   .     (helmet unavailable)
rElec  .         Reflect  .     (cloak currently unavailable)
rCorr  .         Harm     .     (gloves currently unavailable)
MR     +....                    (boots currently unavailable)
Stlth  +.........               d - amulet of faith
                                H - +6 ring of evasion
                                Q - ring of wizardry

@: mighty, tree-form
A: permanent stasis, dig shafts and tunnels, four strong arms, reduced essence,
(antennae 0), (beak), (hooves 0), (large bone plates 0), rugged brown scales 1,
clumsy 2, regeneration 1, robust 1, (electricity resistance)
a: Recall Ancestor, Ancestor Identity, Transference, Idealise, Renounce Religion


You were on level 13 of the Dungeon.
You worshipped Hepliaklqana.
Hepliaklqana was greatly pleased with you.
You were hungry.
You were a tree.
You visited 2 branches of the dungeon, and saw 14 of its levels.

You collected 825 gold pieces.
You spent 199 gold pieces at shops.

Inventory:

Hand Weapons
 a - a +1 trident
 K - a +0 trident of venom (weapon)
Armour
 b - a +0 scale mail
 c - a +1 shield (worn)
 e - a +0 chain mail (melded)
 i - a +0 pair of boots (melded)
 y - a +0 cloak (melded)
 J - a +0 pair of gloves (melded)
Jewellery
 d - an amulet of faith (around neck)
 H - a +6 ring of evasion (right branch)
 Q - a ring of wizardry (left branch)
Wands
 j - a wand of polymorph (19/24)
 t - a wand of teleportation (0/9)
 v - a wand of iceblast (8/15)
 z - a wand of digging (10/24)
 F - a wand of flame (30/48)
 M - a wand of enslavement (8/24)
 R - a wand of paralysis (4/24)
 U - a wand of flame (27/48)
 W - a wand of polymorph (14/24)
Scrolls
 p - 2 scrolls of enchant weapon
 q - 4 scrolls of noise
 r - 3 scrolls of remove curse
 s - 5 scrolls of amnesia
 A - 4 scrolls of teleportation
 D - a scroll of enchant armour
 E - 3 scrolls of recharging
 I - a scroll of identify
 N - 2 scrolls of fear
Potions
 k - 2 potions of haste
 l - 4 potions of flight
 m - 3 potions of resistance
 n - 3 potions of ambrosia {unknown}
 o - 2 potions of lignification
 u - 2 potions of berserk rage
 w - 4 potions of curing
 B - 18 potions of degeneration
 C - 2 potions of agility
 O - a potion of magic {unknown}
 S - a potion of might
 V - a potion of brilliance {unknown}
Books
 L - a book of Changes

   Spells                             Type                      Level
   a - Beastly Appendage              Transmutation                1
   b - Sticks to Snakes               Transmutation                2
   c - Spider Form                    Transmutation/Poison         3
   d - Ice Form                       Ice/Transmutation            4
   e - Blade Hands                    Transmutation                5
 Y - a book of Callings

   Spells                             Type                      Level
   a - Summon Small Mammal            Summoning                    1
   b - Call Imp                       Summoning                    2
   c - Call Canine Familiar           Summoning                    3
   d - Summon Guardian Golem          Hexes/Summoning              3
   e - Summon Lightning Spire         Summoning/Air                4
   f - Summon Ice Beast               Ice/Summoning                4
Miscellaneous
 x - a disc of storms
Comestibles
 f - 11 bread rations
 g - 8 meat rations
 P - 11 royal jellies


   Skills:
 + Level 13.7 Fighting
 * Level 17.1 Polearms
 - Level 3.2 Armour
 - Level 3.6 Shields


You had 12 spell levels left.
You didn't know any spells.

Dungeon Overview and Level Annotations

Branches:
Dungeon (13/15)            Temple (1/1) D:4            Lair (0/6) D:11
    Orc (0/2) D:9
 Vaults: D:13-14

Altars:
Ashenzari
Cheibriados
Dithmenos
Elyvilon
Fedhas
Gozag
Hepliaklqana
Kikubaaqudgha
Makhleb
Nemelex Xobeh
Okawaru
Qazlal
Ru
Sif Muna
Trog
Uskayaw
Vehumet
Xom
Yredelemnul
Zin
The Shining One

Shops:
D:6 [[!*   D:7 :}([:


Innate Abilities, Weirdness & Mutations

You are under a permanent stasis effect.
You can dig through walls and to a lower floor.
Your four strong arms can wield two-handed weapons with a shield.
((You have a pair of large antennae on your head. (SInv)))
Your life essence is reduced. (-10% HP)
((You have a beak for a mouth.))
((You have large cloven feet.))
((You are partially covered in large bone plates. (SH +4)))
(You are partially covered in rugged brown scales. (AC +1, +3% HP))
You are very clumsy. (Dex -4)
Your natural rate of healing is unusually fast.
You are robust. (+10% HP)
((You are resistant to electric shocks. (rElec)))


Message History

The orc knight is almost dead.
The orc no longer looks unusually strong.
The orc barely misses you.
The orc warrior hits you with a battleaxe!
* * * LOW HITPOINT WARNING * * *
You block the orc warrior's attack.
The orc knight roars a battlecry!
The orcs go into a battle-frenzy!
You hit the orc knight but do no damage.
The orc knight is almost dead.
The orc warrior hits you with a battleaxe.
* * * LOW HITPOINT WARNING * * *
Unknown command.
You hit the orc knight but do no damage.
The orc knight is almost dead.
The orc no longer looks unusually strong.
The orc hits you but does no damage.
The orc priest calls down the wrath of Beogh upon you.
Beogh smites you!
You die...

......# #.#...#.....#.####....#..
......# #.#.......<..............
......# #.#......####.#......###.
......###'#......+.....).........
.................#.(.....#....##.
....###..........)......(####.#..
....# #............o.....(.(#.#..
....###......#####o......##(#.#..
...............o♣ooo..........#..
......#.......oo##o......#.......
......#........o'................
......#....############.#........
......##...#,.o{,#..{##.#{.......
......##...#,.oo,#...{#.{......##
......##...#,.ooo#...{#####o.....
......#....#{oooo..o.†{.###......
...........###**##.).{.{{##(.....


You could see an orc knight, 4 orc warriors, an orc priest and 4 orcs.

Vanquished Creatures
  Rupert (D:13)
  Erolcha (D:10)
  A hydra (D:11)
  A centaur warrior (D:13)
  Sonja (D:10)
  3 unseen horrors
  3 hill giants
  2 manticores
  An ugly thing (D:11)
  2 oklob plants (D:11)
  A cyclops (D:13)
  Psyche (D:9)
  A gargoyle (D:12)
  A centaur skeleton (D:13)
  2 komodo dragons
  A queen bee (D:9)
  A merfolk (D:13)
  A troll (D:12)
  A hornet (D:13)
  A two-headed ogre (D:9)
  A hippogriff (D:12)
  Prince Ribbit (D:9)
  A hill giant zombie (D:9)
  6 wraiths
  3 wyverns
  8 yaks
  A hungry ghost (D:9)
  Grum (D:8)
  2 vampire mosquitoes (D:12)
  2 soldier ants
  A water moccasin (D:11)
  6 sky beasts
  4 orc warriors
  3 necrophages
  2 ice beasts
  6 black bears
  2 phantoms (D:9)
  3 ogres
  3 wolves (D:8)
  4 centaurs
  5 bullfrogs
  4 scorpions
  A troll zombie (D:9)
  28 killer bees
  The ghost of dscm the Skirmisher, a weakling DsFi (D:4)
  8 wights
  7 howler monkeys
  7 crimson imps
  3 centaur zombies
  A bullfrog skeleton (D:5)
  5 hounds
  6 orc priests
  2 jellies (D:6)
  10 orc wizards
  4 iguanas
  Natasha (twice) (D:2)
  6 worker ants
  3 ogre zombies (D:9)
  A hound skeleton (D:5)
  Robin (D:2)
  7 gnolls
  8 adders
  A shadow imp (D:8)
  An ooze (D:2)
  2 worms
  2 dart slugs
  5 leopard geckos
  34 orcs
  A ball python (D:1)
  15 giant cockroaches
  5 hobgoblins
  11 jackals
  2 quokkas
  4 bats
  A frilled lizard (D:4)
  A giant cockroach zombie (D:5)
  18 goblins
  A goblin skeleton (D:9)
  A hobgoblin skeleton (D:9)
  2 hobgoblin zombies (D:9)
  A jackal skeleton (D:5)
  A kobold (D:2)
  3 orc skeletons (D:9)
  12 orc zombies (D:9)
  A quokka skeleton (D:6)
  5 rats
  A bush (Temple)
  2 plants (D:11)
340 creatures vanquished.

Vanquished Creatures (collateral kills)
  Josephine (D:11)
  Nergalle (D:10)
  A troll (D:11)
  A two-headed ogre (D:12)
  A wraith (D:11)
  A yak (D:11)
  A vampire mosquito (D:12)
  A hungry ghost (D:9)
  An ice beast (D:12)
  2 centaurs (D:7)
  A bullfrog (D:7)
  A scorpion (D:6)
  4 killer bees
  2 wights
  A howler monkey (D:6)
  A crimson imp (D:7)
  A bullfrog zombie (D:10)
  A jelly (D:8)
  An iguana (D:10)
  A worker ant (D:9)
  An ogre zombie (D:9)
  A gnoll (D:9)
  2 adders
  An adder zombie (D:4)
  2 adder skeletons
  6 orcs
  A jackal (D:6)
39 creatures vanquished.

Vanquished Creatures (others)
  14 hexers
  2 ancestors
16 creatures vanquished.

Grand Total: 395 creatures vanquished

Notes
Turn   | Place    | Note
-------+----------+-------------------------------------------
     0 | D:1      | theAP the Formicid Fighter began the quest for the Orb.
     0 | D:1      | Reached XP level 1. HP: 18/18 MP: 1/1
   342 | D:1      | Reached XP level 2. HP: 24/24 MP: 2/2
   667 | D:2      | Noticed Robin
   680 | D:2      | Reached skill level 3 in Polearms
   695 | D:1      | Reached XP level 3. HP: 12/29 MP: 3/3
   902 | D:2      | Killed Robin
  1113 | D:2      | Noticed Natasha
  1120 | D:2      | Killed Natasha
  1120 | D:2      | Reached XP level 4. HP: 23/37 MP: 4/4
  1124 | D:2      | Reached skill level 4 in Polearms
  1471 | D:2      | Reached XP level 5. HP: 41/42 MP: 5/5
  1610 | D:2      | Noticed Natasha
  1611 | D:2      | Found a shattered altar of Ashenzari.
  1614 | D:2      | Killed Natasha
  1714 | D:3      | Found a shadowy altar of Dithmenos.
  2119 | D:3      | You fall through a shaft for 3 floors!
  2202 | D:5      | Entered Level 5 of the Dungeon
  2210 | D:5      | Found a bloodstained altar of Trog.
  2210 | D:5      | Found an iron altar of Okawaru.
  2216 | D:5      | Reached skill level 5 in Polearms
  2216 | D:5      | Reached XP level 6. HP: 49/49 MP: 6/6
  2224 | D:5      | Noticed an ice beast
  2654 | D:5      | Reached skill level 5 in Fighting
  2671 | D:5      | Reached XP level 7. HP: 15/56 MP: 7/7
  3209 | D:5      | Found an iron altar of Okawaru.
  3243 | D:4      | Reached skill level 6 in Polearms
  3252 | D:4      | Noticed dscm's ghost (weakling DsFi)
  3656 | D:4      | Killed dscm's ghost
  3748 | D:4      | Found a staircase to the Ecumenical Temple.
  3757 | Temple   | Entered the Ecumenical Temple
  3820 | Temple   | Became a worshipper of Hepliaklqana the Forgotten
  4045 | D:4      | Reached skill level 7 in Polearms
  4060 | D:4      | Found a glowing golden altar of the Shining One.
  4122 | D:4      | Reached XP level 8. HP: 57/57 MP: 8/8
  4139 | D:4      | Found a white marble altar of Elyvilon.
  4701 | D:3      | Reached * piety under Hepliaklqana
  5061 | D:6      | Found a shimmering altar of Xom.
  5126 | D:6      | Reached skill level 8 in Polearms
  5288 | D:6      | Found Bionwen's Antique Armour Shoppe.
  5291 | D:6      | Found Eptaappo's Assorted Antiques.
  5291 | D:6      | Found Oklibic's Distillery.
  5294 | D:6      | Found Houhyux's Antique Armour Shoppe.
  5441 | D:6      | Found a sacrificial altar of Ru.
  5442 | D:6      | Found a deep blue altar of Sif Muna.
  5479 | D:6      | Noticed a hand axe
  5481 | D:6      | Noticed a hand axe
  5491 | D:6      | Found a hide-covered altar of Uskayaw.
  5667 | D:7      | Found Veusuotyext's Book Shoppe.
  5702 | D:7      | Reached XP level 9. HP: 47/63 MP: 9/9
  5784 | D:7      | Reached skill level 9 in Polearms
  5880 | D:7      | Found Ocremumo's Antique Weapon Boutique.
  5890 | D:7      | Bought a runed trident for 199 gold pieces
  5961 | D:7      | Found Vyett's Book Shoppe.
  6010 | D:7      | Gained mutation: You have sharp toenails. [mutagenic meat]
  6011 | D:7      | Gained mutation: You are partially covered in rugged brown scales. (AC +1, +3% HP) [mutagenic meat]
  6012 | D:7      | Lost mutation: You have sharp toenails. [mutagenic meat]
  6013 | D:7      | Gained mutation: You are resistant to electric shocks. (rElec) [mutagenic meat]
  6014 | D:7      | Gained mutation: Your natural rate of healing is unusually fast. [mutagenic meat]
  6029 | D:7      | Reached skill level 10 in Polearms
  6051 | D:7      | Found Zimuim's Armour Boutique.
  6146 | D:7      | Gained mutation: You are partially covered in iridescent scales. (AC +2) [mutagenic meat]
  6147 | D:7      | Lost mutation: You are partially covered in iridescent scales. (AC +2) [mutagenic meat]
  6148 | D:7      | Gained mutation: Your mind is acute. (Int +2) [mutagenic meat]
  6149 | D:7      | Gained mutation: You have a beak for a mouth. [mutagenic meat]
  6150 | D:7      | Gained mutation: You are robust. (+10% HP) [mutagenic meat]
  6189 | D:7      | Found Gyori's Gadget Shop.
  6299 | D:8      | Reached ** piety under Hepliaklqana
  6300 | D:8      | Remembered your ancestor Octavius as a hexer
  6349 | D:8      | Found a glowing silver altar of Zin.
  6350 | D:8      | Found an opulent altar of Gozag.
  6441 | D:8      | Reached XP level 10. HP: 79/83 MP: 10/10
  6594 | D:8      | Noticed Grum
  6600 | D:8      | Reached skill level 11 in Polearms
  6608 | D:8      | Killed Grum
  6890 | D:9      | Found a staircase to the Orcish Mines.
  6938 | D:9      | Reached skill level 12 in Polearms
  6977 | D:9      | Noticed Psyche
  6984 | D:9      | Killed Psyche
  7158 | D:9      | Noticed Prince Ribbit
  7184 | D:9      | Killed Prince Ribbit
  7203 | D:9      | Reached skill level 10 in Fighting
  7439 | D:9      | Reached XP level 11. HP: 91/91 MP: 11/11
  7492 | D:9      | Reached skill level 13 in Polearms
  7814 | D:10     | Entered Level 10 of the Dungeon
  7852 | D:10     | Reached *** piety under Hepliaklqana
  8150 | D:10     | Noticed an unseen horror
  8151 | D:10     | Noticed Erolcha
  8161 | D:10     | Killed an unseen horror
  8167 | D:10     | Killed Erolcha
  8295 | D:10     | Gained mutation: You are partially covered in large bone plates. (SH +4) [mutagenic meat]
  8322 | D:10     | Noticed Nergalle
  8336 | D:10     | Killed Nergalle
  8336 | D:10     | Reached skill level 14 in Polearms
  8464 | D:10     | Noticed a hill giant
  8472 | D:10     | Killed a hill giant
  8479 | D:10     | Noticed Sonja
  8680 | D:10     | Killed Sonja
  8726 | D:10     | Gained mutation: Your mind is very acute. (Int +4) [potion of mutation]
  8726 | D:10     | Lost mutation: Your mind is very acute. (Int +4) [potion of mutation]
  8727 | D:10     | Gained mutation: You are clumsy. (Dex -2) [potion of mutation]
  8727 | D:10     | Lost mutation: Your mind is acute. (Int +2) [potion of mutation]
  8727 | D:10     | Gained mutation: You have large cloven feet. [potion of mutation]
  8781 | D:11     | Noticed a five-headed hydra
  8789 | D:11     | Killed a five-headed hydra
  8789 | D:11     | Reached XP level 12. HP: 67/102 MP: 12/12
  8892 | D:11     | Noticed Josephine
  8919 | D:11     | Killed Josephine
  8919 | D:11     | Reached skill level 15 in Polearms
  9110 | D:11     | Noticed an unseen horror
  9117 | D:11     | Killed an unseen horror
  9275 | D:11     | Reached **** piety under Hepliaklqana
  9280 | D:11     | Found a staircase to the Lair.
  9660 | D:11     | Gained mutation: You are very clumsy. (Dex -4) [mutagenic meat]
 10095 | D:12     | Reached skill level 16 in Polearms
 10309 | D:12     | Reached XP level 13. HP: 107/111 MP: 13/13
 11135 | D:13     | Noticed Rupert
 11161 | D:13     | Killed Rupert
 11427 | D:13     | Noticed a centaur warrior
 11444 | D:13     | Killed a centaur warrior
 11444 | D:13     | Reached skill level 17 in Polearms
 11774 | D:13     | HP: 8/172 [orc warrior/battleaxe (27)]
 11779 | D:13     | Killed from afar by an orc priest

Skill      XL: |  1  2  3  4  5  6  7  8  9 10 11 12 13 |
---------------+----------------------------------------+-----
Polearms       | 3 4 5 7 8 10 12 14 16 17 | 17.1
Fighting       | 4 5 7 8 10 11 12 13 | 13.7
Armour         | |  3.2
Shields        | |  3.6

Action                   |  1- 3 |  4- 6 |  7- 9 | 10-12 | 13-15 || total
-------------------------+-------+-------+-------+-------+-------++-------
Melee: Trident           |   117 |   162 |   355 |   898 |   255 ||  1787
       Peck              |       |       |     4 |   147 |    34 ||   185
Invok: Ancestor Life: He |       |       |     1 |       |       ||     1
Evoke: Wand              |       |       |       |     3 |     2 ||     5
  Use: Scroll            |     5 |     2 |     9 |     5 |     2 ||    23
       Potion            |       |     2 |       |     2 |     4 ||     8
 Stab: Distracted        |       |       |     3 |     3 |     2 ||     8
       Confused          |       |       |       |     6 |     1 ||     7
  Eat: Chunk             |     1 |     5 |    14 |    10 |     4 ||    34
       Bread ration      |       |       |     1 |       |       ||     1
       Fruit             |       |       |     3 |       |       ||     3
       Beef jerky        |       |       |     1 |       |       ||     1
       Meat ration       |       |       |       |     1 |       ||     1
       Pizza             |       |       |       |     1 |       ||     1
       Royal jelly       |       |       |       |     3 |       ||     3
Armor: Scale mail        |    71 |    70 |    30 |       |       ||   171
       Chain mail        |       |       |    48 |   147 |    20 ||   215
       Skin              |       |       |       |       |     9 ||     9
Dodge: Dodged            |    45 |    66 |   120 |   216 |    43 ||   490
Block: Shield            |    69 |   111 |   175 |   335 |    81 ||   771
